[Event "Early-Titled-Tuesday-Blitz-March-12-2024"]
[Site "Chess.com"]
[Date "2024.03.12"]
[Round "10"]
[White "Abund"]
[Black "ajedrezsinlimites"]
[Result "1-0"]
[WhiteElo "2797"]
[BlackElo "2556"]
[TimeControl "180+1"]
[EndTime "9:51:53 PDT"]
[Termination "Abund won by checkmate"]

1. e4 c6 2. Nf3 d5 3. d3 Bg4 4. Nbd2 Nd7 5. h3 Bxf3 6. Nxf3 e5 7. g3 Ngf6 8. Qe2 dxe4 9. dxe4 Bc5 10. Bg2 O-O 11.
O-O Re8 12. c3 a5 13. a4 Qe7 14. Nh4 g6 15. Kh2 Nh5 16. Qg4 Ndf6 17. Qf3 Qe6 18. Bg5 Nd7 19. Qe2 f6 20. Bh6 Nb6 21. Bf3 Ng7 22.
Rfd1 Rad8 23. Kg2 Qc4 24. Qc2 Rxd1 25. Bxd1 g5 26. Bxg7 gxh4 27. Bh6 hxg3 28. fxg3 Qe6 29. Bh5 Rd8 30. Rf1 Nc4 31. Qe2 Bf8 32. Bg4 Qf7 33.
Bc1 b5 34. b3 Nd6 35. h4 Be7 36. Qc2 bxa4 37. bxa4 Qc4 38. Ba3 Nxe4 39. Be2 Qd5 40. Bxe7 Rd7 41. Bf3 f5 42. Bg5 Qc4 43. Bxe4 fxe4 44. Qf2 h6 45. Qf8+ Kh7 46. Qxh6+ Kg8 47.
Rf8# 1-0

[Event "Early-Titled-Tuesday-Blitz-March-12-2024"]
[Site "Chess.com"]
[Date "2024.03.12"]
[Round "10"]
[White "ValeriyGrinev"]
[Black "Kotofeyca"]
[Result "1-0"]
[WhiteElo "2579"]
[BlackElo "2448"]
[TimeControl "180+1"]
[EndTime "9:51:56 PDT"]
[Termination "ValeriyGrinev won on time"]

1. d4 d5 2. c4 c6 3. Nf3 Nf6 4.
Qc2 e6 5. Nbd2 Be7 6. e4 dxe4 7. Nxe4 Nxe4 8. Qxe4 Bb4+ 9. Bd2 Bxd2+ 10. Nxd2 Qb6 11.
Bd3 Qxb2 12. Rd1 Nd7 13. O-O Nf6 14. Qh4 Bd7 15. c5 b5 16. cxb6 axb6 17. Nc4 Qxa2 18. Nxb6 Rb8 19. Ra1 Qd2 20. Nxd7 Nxd7 21. Rfd1 Qh6 22.
Qg3 O-O 23. Qc7 Nf6 24. Qxc6 Rbc8 25. Qf3 Rfd8 26. g3 Nd5 27. Ra7 Qf6 28. Qe4 Rc7 29.
Qxh7+ Kf8 30. Ra5 Qxd4 31. h4 g6 32. h5 Qg7 33. hxg6 Qxh7 34. gxh7 Kg7 35. Be4 Rcd7 36. Kg2 f5 37. Bxd5 Rxd5 38. Raxd5 Rxd5 39. Rh1 Kh8 40. Rh6 e5 41. Rh5 e4 42. g4 Rd2 43. g5 e3 44. g6 1-0

[Event "Early-Titled-Tuesday-Blitz-March-12-2024"]
[Site "Chess.com"]
[Date "2024.03.12"]
[Round "10"]
[White "nelsi"]
[Black "littlepinkyboy"]
[Result "0-1"]
[WhiteElo "2417"]
[BlackElo "2612"]
[TimeControl "180+1"]
[EndTime "9:51:57 PDT"]
[Termination "littlepinkyboy won on time"]

1. e4 c5 2. Nf3 e6 3. Nc3 Nc6 4. Bb5 Nf6 5. O-O Qc7 6. Re1 d6 7. d4 cxd4 8. Qxd4 Bd7 9. Bxc6 Bxc6 10. Bg5 Be7 11. Rad1 O-O 12. Bxf6 gxf6 13. Re3 Kh8 14. Nh4 Rg8 15. Rh3 Qb6 16. Qd2 Rg7 17. Qh6 Rag8 18.
Rdd3 Qxb2 19. g3 Qxc2 20. Rf3 Bxe4 21. Nxe4 Qb1+ 22. Kg2 Qxe4 23. a3 d5 24. Qd2 d4 25.
Qa5 d3 26. Qc7 d2 27. Qxe7 d1=Q 28. Qxf6 Qdd4 29. Ng6+ fxg6 30. Rxh7+ Kxh7 0-1

[Event "Early-Titled-Tuesday-Blitz-March-12-2024"]
[Site "Chess.com"]
[Date "2024.03.12"]
[Round "10"]
[White "Happy1712Drummer"]
[Black "MikeWizard"]
[Result "1-0"]
[WhiteElo "2349"]
[BlackElo "2079"]
[TimeControl "180+1"]
[EndTime "9:51:57 PDT"]
[Termination "Happy1712Drummer won by checkmate"]

1. e4 d6 2. d4 Nf6 3. Nc3 Nbd7 4. g3 e5 5. Nge2 g6 6. Bg2 Bg7 7. O-O O-O 8. h3 c6 9. a4 a5 10. Be3 Qc7 11. Qd2 Re8 12. Rad1 exd4 13. Nxd4 Nc5 14. f3 Nh5 15. Nde2 Be6 16. Qxd6 Qxd6 17. Rxd6 Na6 18.
f4 Nb4 19. Rd2 Bc4 20. e5 Bf8 21. b3 Be6 22. Ne4 Nd5 23. Bd4 Be7 24. g4 Ng7 25.
N2g3 Red8 26. f5 gxf5 27. gxf5 Bc8 28. f6 Bb4 29. c3 Ne6 30. cxb4 Ndf4 31. Be3 Rxd2 32.
Bxd2 Nd5 33. Nf5 axb4 34. Rf3 Kh8 35. Bh6 Nec7 36. Bg7+ Kg8 37. Nh6# 1-0

[Event "Early-Titled-Tuesday-Blitz-March-12-2024"]
[Site "Chess.com"]
[Date "2024.03.12"]
[Round "10"]
[White "Blitzstream"]
[Black "Zq1"]
[Result "1-0"]
[WhiteElo "2808"]
[BlackElo "2595"]
[TimeControl "180+1"]
[EndTime "9:52:01 PDT"]
[Termination "Blitzstream won by resignation"]

1. e4 c5 2. Nf3 d6 3. d4 cxd4 4. Nxd4 Nf6 5. Nc3 Nc6 6. Bc4 Bd7 7. Bb3 g6 8. g4 Bg7 9. g5 Nxe4 10. Qf3 f5 11. gxf6 Nxf6 12. Be3 Qa5 13. O-O-O Rc8 14. Ne6 Bxe6 15. Bxe6 Rc7 16. Nd5 Ne5 17. Nxc7+ Qxc7 18. Qe2 a6 19. Bd4 Nc6 20. Bc3 b5 21. Rhe1 Rf8 22. Kb1 Nh5 23. Bxg7 Nxg7 24. Rd3 b4 25. Bb3 Ne5 26. Rd4 a5 27. Qb5+ Nd7 28. Rc4 Qd8 29. Qa6 Nc5 30. Qb5+ Nd7 31. Ba4 Rf5 32. Qxd7+ Qxd7 33. Rc8+ Kf7 34. Bxd7 Rxf2 35. h3 Nh5 36. Ra8 Nf4 37.
Rxa5 h5 38. Ra4 g5 39. Rxb4 Rh2 40. a4 Nxh3 41. a5 1-0

[Event "Early-Titled-Tuesday-Blitz-March-12-2024"]
[Site "Chess.com"]
[Date "2024.03.12"]
[Round "10"]
[White "javierfreilemartin"]
[Black "Misterfox120"]
[Result "1-0"]
[WhiteElo "2288"]
[BlackElo "2375"]
[TimeControl "180+1"]
[EndTime "9:52:01 PDT"]
[Termination "javierfreilemartin won on time"]

1. c4 c5 2. Nc3 Nc6 3. Nf3 e5 4.
e3 Nf6 5. d4 e4 6. Nd2 cxd4 7. exd4 Bb4 8. a3 Bxc3 9. bxc3 O-O 10. Be2 d5 11. cxd5 Qxd5 12. Nc4 Be6 13. O-O Rfd8 14.
Rb1 Qd7 15. Ne3 a6 16. a4 Rab8 17. Qc2 Nd5 18. Rd1 Na5 19. Nxd5 Bxd5 20. c4 Rdc8 21. c5 b5 22. Bf4 Rb7 23. Qc3 Nc4 24. axb5 axb5 25.
Qg3 Ra8 26. Bg4 f5 27. Be2 Qc6 28. h4 g6 29. h5 Rba7 30. h6 Ra2 31. Bf1 1-0

[Event "Early-Titled-Tuesday-Blitz-March-12-2024"]
[Site "Chess.com"]
[Date "2024.03.12"]
[Round "10"]
[White "Alenzer"]
[Black "emeli_chess"]
[Result "0-1"]
[WhiteElo "2157"]
[BlackElo "2375"]
[TimeControl "180+1"]
[EndTime "9:52:02 PDT"]
[Termination "emeli_chess won by resignation"]

1. e4 c5 2. Nf3 d6 3. c3 Nf6 4.
h3 Bd7 5. Bd3 Bc6 6. Qe2 Nbd7 7.
Bc2 e6 8. O-O Be7 9. d4 O-O 10.
e5 Nd5 11. exd6 Bxd6 12. Ne5 Nxe5 13. dxe5 Be7 14. Qg4 Kh8 15. Nd2 f5 16. exf6 Nxf6 17.
Qxe6 Bd5 18. Qe2 Bd6 19. f4 Qc7 20. Nf3 Rae8 21. Qd2 Be4 22. Bd1 c4 23. Ng5 Bd3 24. Rf3 h6 25. Bc2 Re2 26. Rxd3 Rxd2 27. Rxd2 hxg5 28.
fxg5 Bc5+ 29. Kh1 Ne4 30. Rd1 Nf2+ 0-1

[Event "Early-Titled-Tuesday-Blitz-March-12-2024"]
[Site "Chess.com"]
[Date "2024.03.12"]
[Round "10"]
[White "guillembaches"]
[Black "Mikhail_Golubev"]
[Result "1-0"]
[WhiteElo "2555"]
[BlackElo "2681"]
[TimeControl "180+1"]
[EndTime "9:52:04 PDT"]
[Termination "guillembaches won on time"]

1. d4 Nf6 2. Nf3 d6 3. Bg5 Nbd7 4. c4 Ne4 5. Bh4 c5 6. Nbd2 Qa5 7. e3 cxd4 8. Nxd4 g5 9. Bg3 Nxg3 10. hxg3 Bg7 11. Bd3 Ne5 12. Be2 g4 13. Qc2 Bd7 14. Rxh7 Rxh7 15.
Qxh7 Kf8 16. Nb3 Qb6 17. Qc2 Rc8 18. Qe4 a5 19. O-O-O a4 20. Nd4 a3 21. b3 d5 22.
Qxd5 Qb4 23. Ne4 f5 24. Ne6+ 1-0

[Event "Early-Titled-Tuesday-Blitz-March-12-2024"]
[Site "Chess.com"]
[Date "2024.03.12"]
[Round "10"]
[White "venturov"]
[Black "Korchmar_Vasiliy"]
[Result "0-1"]
[WhiteElo "2479"]
[BlackElo "2704"]
[TimeControl "180+1"]
[EndTime "9:52:04 PDT"]
[Termination "Korchmar_Vasiliy won on time"]

1. e4 b6 2. d4 g6 3. c4 Bb7 4.
Nc3 Bg7 5. f4 e6 6. Nf3 Ne7 7.
Be2 d6 8. Be3 Nd7 9. h4 h5 10.
Ng5 c5 11. d5 exd5 12. cxd5 b5 13. Nxb5 Nf6 14. O-O O-O 15. Nc3 Bc8 16. e5 Ng4 17.
Bxg4 Bxg4 18. Qb3 Rb8 19. Qa3 Nf5 20. Bf2 dxe5 21. Bxc5 exf4 22. Bxf8 Bxf8 23. Qxa7 Be7 24. Nce4 Nxh4 25. Nxf7 Kxf7 26. d6 Rxb2 27. Rxf4+ Ke6 28. Nc5+ Ke5 29. Re4+ Kf5 30. Rf1+ Kg5 31. dxe7 Rxg2+ 32. Kh1 Rh2+ 33. Kxh2 Qd2+ 0-1

[Event "Early-Titled-Tuesday-Blitz-March-12-2024"]
[Site "Chess.com"]
[Date "2024.03.12"]
[Round "10"]
[White "AlmasRakhmatullaev"]
[Black "Fandorine"]
[Result "1-0"]
[WhiteElo "2853"]
[BlackElo "2947"]
[TimeControl "180+1"]
[EndTime "9:52:05 PDT"]
[Termination "AlmasRakhmatullaev won by resignation"]

1. e4 e5 2. Nf3 Nc6 3. Bc4 Nf6 4.
Ng5 Bc5 5. Bxf7+ Ke7 6. Bd5 Rf8 7. O-O d6 8. c3 Bg4 9. Qe1 h6 10. d4 Bb6 11. h3 hxg5 12. hxg4 Qd7 13. Bxg5 Qxg4 14.
Be3 Rh8 15. f3 Qh5 16. Qg3 g6 17. Bxc6 bxc6 18. Nd2 Raf8 19. Rae1 Kd7 20. dxe5 dxe5 21. Bxb6 axb6 22. Nc4 Ke6 23. Kf2 b5 24. Rh1 Nxe4+ 25. Rxe4 Qxh1 26. Qxe5+ Kd7 27. Qe6+ 1-0

[Event "Early-Titled-Tuesday-Blitz-March-12-2024"]
[Site "Chess.com"]
[Date "2024.03.12"]
[Round "10"]
[White "RobertoJBM"]
[Black "imdvb6307"]
[Result "1-0"]
[WhiteElo "2815"]
[BlackElo "2492"]
[TimeControl "180+1"]
[EndTime "9:52:05 PDT"]
[Termination "RobertoJBM won by resignation"]

1. e4 Nc6 2. Nf3 d6 3. Bb5 Nf6 4. Nc3 Bd7 5. d4 e5 6. O-O Be7 7. Re1 exd4 8. Nxd4 Nxd4 9. Qxd4 Bxb5 10. Nxb5 a6 11.
Nc3 O-O 12. b3 Nd7 13. Bb2 Bf6 14. Qd2 Re8 15. Re2 Nc5 16. Rae1 Ne6 17. Nd1 Bxb2 18.
Nxb2 Qf6 19. Nc4 Qd4 20. Qxd4 Nxd4 21. Rd2 Nc6 22. f3 f5 23. Kf2 fxe4 24. Rxe4 Rxe4 25. fxe4 Re8 26. Ke3 Kf7 27. h3 Ne5 28. Na5 b6 29.
Nc4 Nxc4+ 30. bxc4 Re5 31. Kd4 Ra5 32. c3 Rg5 33. g4 h5 34. Rf2+ Kg6 35. Rf4 hxg4 36. hxg4 Ra5 37. Rf2 Kg5 38. Rf7 c5+ 39. Kd5 g6 40. Kxd6 Rxa2 41. e5 a5 42. e6 Rd2+ 43. Kc6 Re2 44. e7 a4 45. Kd7 Rd2+ 46. Ke8 Kxg4 47.
Kf8 Re2 48. e8=Q Rxe8+ 49. Kxe8 a3 50. Ra7 Kf3 51. Rxa3 g5 52. Kd7 g4 53. Kc6 Ke2 54.
Kxb6 g3 55. Kxc5 g2 56. Ra2+ Kf3 57. Rxg2 1-0

[Event "Early-Titled-Tuesday-Blitz-March-12-2024"]
[Site "Chess.com"]
[Date "2024.03.12"]
[Round "10"]
[White "szachuspl"]
[Black "cthulhuuu"]
[Result "1-0"]
[WhiteElo "2529"]
[BlackElo "2394"]
[TimeControl "180+1"]
[EndTime "9:52:10 PDT"]
[Termination "szachuspl won by checkmate"]

1. d4 Nf6 2. c4 e5 3. dxe5 Ng4 4. e4 Nxe5 5. f4 Nec6 6. Nf3 Bc5 7. Nc3 a5 8. Bd3 Na6 9. Qe2 Nab4 10. Bb1 Nd4 11. Nxd4 Bxd4 12. a3 Bxc3+ 13. bxc3 Nc6 14. c5 Qe7 15.
O-O Qxc5+ 16. Kh1 O-O 17. a4 d6 18. e5 g6 19. Ba3 Qxc3 20. Bb2 Bg4 21. Qf2 Qc5 22.
Qh4 Qb4 23. Ba3 Qd4 24. Bxg6 hxg6 25. Qxg4 Nxe5 26. Qg5 Nd3 27. f5 Nf2+ 28. Rxf2 Qxf2 29.
fxg6 fxg6 30. Qxg6+ Kh8 31. h3 Rf6 32. Qh5+ Kg8 33. Rb1 Qf5 34. Qd1 Raf8 35. Qb3+ Qe6 36. Qd3 Qf5 37. Qb3+ Qe6 38. Qd3 b6 39. Bb2 Rg6 40.
Qd4 Kh7 41. Bc3 Rfg8 42. Rf1 Rh6 43. Qd3+ Rhg6 44. Rf4 Qf7 45. Rh4# 1-0

[Event "Early-Titled-Tuesday-Blitz-March-12-2024"]
[Site "Chess.com"]
[Date "2024.03.12"]
[Round "10"]
[White "crazy_m_attack"]
[Black "rhwr"]
[Result "1-0"]
[WhiteElo "2454"]
[BlackElo "2300"]
[TimeControl "180+1"]
[EndTime "9:52:15 PDT"]
[Termination "crazy_m_attack won by checkmate"]

1. e4 c5 2. Nf3 d6 3. d4 cxd4 4.
Nxd4 Nf6 5. Nc3 e5 6. Nb3 Be6 7. Bg5 Be7 8. Be2 O-O 9. Bxf6 Bxf6 10. Nd5 Bg5 11. O-O Nd7 12. Qd3 Nf6 13. Nxf6+ Bxf6 14. Rfd1 Be7 15. c4 Qb6 16. Nd2 Rac8 17. b3 f5 18. exf5 Bxf5 19. Qd5+ Kh8 20. Bf3 Rc7 21. Ne4 Rd8 22.
c5 Qc6 23. cxd6 Qxd5 24. Rxd5 Bf8 25. dxc7 Rxd5 26. Ng3 Rc5 27. Nxf5 Rxc7 28. h4 g6 29. Ne3 Kg7 30. Rd1 h6 31. Nc4 Kf6 32. Nd6 Rc2 33.
a4 b6 34. Ne4+ Kf5 35. Rd7 Ke6 36. Bg4# 1-0

[Event "Early-Titled-Tuesday-Blitz-March-12-2024"]
[Site "Chess.com"]
[Date "2024.03.12"]
[Round "10"]
[White "Rainbow2014"]
[Black "Felix-Rose"]
[Result "1-0"]
[WhiteElo "2435"]
[BlackElo "2258"]
[TimeControl "180+1"]
[EndTime "9:52:15 PDT"]
[Termination "Rainbow2014 won on time"]

1. e4 e5 2. Nf3 Nc6 3. Bb5 a6 4. Ba4 Nf6 5. O-O b5 6. Bb3 Bc5 7. c3 d6 8. a4 Rb8 9. d4 Bb6 10. Nbd2 O-O 11. h3 h6 12. Re1 Bb7 13. Nf1 Re8 14. Ng3 exd4 15. cxd4 Na5 16. Bc2 c5 17. d5 c4 18. axb5 axb5 19. Nd4 b4 20. Ndf5 b3 21. Bb1 Qd7 22. Bd2 Ra8 23. Bc3 Qd8 24.
Qf3 Kh7 25. Qf4 Re5 26. Nxd6 Qxd6 27. Bxe5 Qc5 28. Bc3 1-0

[Event "Early-Titled-Tuesday-Blitz-March-12-2024"]
[Site "Chess.com"]
[Date "2024.03.12"]
[Round "10"]
[White "Cryptinz"]
[Black "sansanathalia"]
[Result "1-0"]
[WhiteElo "2519"]
[BlackElo "2368"]
[TimeControl "180+1"]
[EndTime "9:52:17 PDT"]
[Termination "Cryptinz won by resignation"]

1. e4 c5 2. Nf3 d6 3. d4 cxd4 4.
Nxd4 Nf6 5. Nc3 a6 6. Bg5 e6 7.
Qd2 Be7 8. O-O-O Qc7 9. h4 Nc6 10. f4 Bd7 11. g4 b5 12. Bxf6 Bxf6 13. Ndxb5 axb5 14. Nxb5 Qb8 15. Nxd6+ Kf8 16. e5 Rxa2 17. Qc3 Bd8 18. Bc4 Ba5 19. Bxa2 Bxc3 20. bxc3 Qa7 21. Bb3 Ke7 22. Rhf1 Qa3+ 23. Kd2 Na5 24. f5 Nxb3+ 25. cxb3 Qxb3 26. f6+ gxf6 27. Rxf6 Qd5+ 28. Kc1 Qxe5 29. Rxf7+ Kd8 30. Rxd7+ Kxd7 31. Nf7+ Qd5 32. Rxd5+ 1-0

[Event "Early-Titled-Tuesday-Blitz-March-12-2024"]
[Site "Chess.com"]
[Date "2024.03.12"]
[Round "10"]
[White "Actuary44"]
[Black "IndianSchoolOfSuffering"]
[Result "1/2-1/2"]
[WhiteElo "2508"]
[BlackElo "2400"]
[TimeControl "180+1"]
[EndTime "9:52:17 PDT"]
[Termination "Game drawn by repetition"]

1. e4 c5 2. d4 cxd4 3. c3 dxc3 4. Nxc3 Nc6 5. f4 d6 6. Nf3 Nf6 7. Bd3 a6 8. O-O g6 9. Kh1 Bg7 10. Qe1 O-O 11. Be3 Bd7 12. Rd1 Qa5 13. f5 Rac8 14. Qh4 Ne5 15. Bh6 Nxf3 16. Rxf3 Rxc3 17. bxc3 Rc8 18. Bxg7 Kxg7 19. Rh3 Qe5 20. Qh6+ Kg8 21. Bc2 Rxc3 22. Rxc3 Qxc3 23. Bb3 gxf5 24. Qg5+ Kf8 25.
exf5 Qe5 26. Rf1 Bc6 27. h3 Qe2 28. Rg1 Qd3 29. Kh2 Qe4 30. Rf1 Qe5+ 31. Qg3 Qxg3+ 32. Kxg3 Ne4+ 33. Kf4 Nd2 34. Rf2 Nxb3 35. axb3 Kg7 36.
g4 h6 37. h4 e5+ 38. fxe6 fxe6 39. Rd2 e5+ 40. Kf5 Bd7+ 41. Ke4 Bc6+ 42. Kf5 Bd7+ 43. Ke4 Bc6+ 44. Kf5 1/2-1/2

[Event "Early-Titled-Tuesday-Blitz-March-12-2024"]
[Site "Chess.com"]
[Date "2024.03.12"]
[Round "10"]
[White "WilsonPalencia21"]
[Black "Alexchess1984"]
[Result "0-1"]
[WhiteElo "2563"]
[BlackElo "2739"]
[TimeControl "180+1"]
[EndTime "9:52:18 PDT"]
[Termination "Alexchess1984 won by resignation"]

1. d4 Nf6 2. c4 g6 3. Nf3 c5 4.
Nc3 cxd4 5. Nxd4 Bg7 6. e4 O-O 7. Be2 d6 8. O-O Nc6 9. Nc2 Be6 10. Be3 Qa5 11. f3 Rfc8 12. Qd2 Nd7 13. Rab1 Bxc3 14.
bxc3 Nde5 15. Rb5 Qc7 16. c5 Nc4 17. Qc1 Nxe3 18. Qxe3 a6 19. cxd6 exd6 20. Rb6 Ne5 21. Rfb1 Rab8 22. R1b2 Nd7 23. R6b4 Qxc3 24. Qxc3 Rxc3 25.
Nd4 Rc1+ 26. Kf2 Nc5 27. Nxe6 fxe6 28. Rd2 Rd8 29. Rb6 d5 30. exd5 Rxd5 31. Rxd5 exd5 32. Rd6 Rc2 33. Rxd5 Na4 34. Rd8+ Kg7 35. Ke3 Rxa2 36.
Rd7+ Kh6 37. Rxb7 Nc3 38. Bf1 Nd1+ 39. Kf4 Rf2 40. Bxa6 Rxg2 41. h4 Ra2 42. Kg3 Rxa6 43. Kf4 Nc3 0-1

[Event "Early-Titled-Tuesday-Blitz-March-12-2024"]
[Site "Chess.com"]
[Date "2024.03.12"]
[Round "10"]
[White "yosephtaher"]
[Black "BogdanDeac"]
[Result "1-0"]
[WhiteElo "2968"]
[BlackElo "3033"]
[TimeControl "180+1"]
[EndTime "9:52:19 PDT"]
[Termination "yosephtaher won on time"]

1. e4 e5 2. Nc3 Nf6 3. g3 d5 4.
exd5 Nxd5 5. Bg2 Ne7 6. d3 Nbc6 7. Nge2 g6 8. O-O Bg7 9. Bd2 O-O 10. Re1 Nf5 11.
Ne4 a5 12. a3 a4 13. h3 Nfe7 14. Kh2 h6 15. N4c3 Ra6 16. Be3 Nd4 17. Qd2 Nef5 18. Ne4 Nxe3 19. fxe3 Ne6 20. Rad1 f5 21. N4c3 c6 22. d4 e4 23. d5 cxd5 24. Nxd5 Nc7 25. Nef4 Nxd5 26. Nxd5 Be6 27. c4 Kh7 28. Qb4 Qc8 29. Rd2 Rc6 30. Ne7 Rxc4 31. Qd6 Qe8 32. Qxe6 Rc7 33. Qxg6+ Qxg6 34. Nxg6 Kxg6 35. g4 Be5+ 36. Kh1 fxg4 37. hxg4 Kg5 38. Bxe4 Rc4 39. Bf5 h5 40. Be6 Rc6 41. Bd5 Rh6 42. gxh5 Rxh5+ 43. Kg1 Rh3 44. Rg2+ Kh6 45. Be6 Rh4 46. Bg4 1-0

[Event "Early-Titled-Tuesday-Blitz-March-12-2024"]
[Site "Chess.com"]
[Date "2024.03.12"]
[Round "10"]
[White "Zohid6"]
[Black "vovachesss"]
[Result "0-1"]
[WhiteElo "2888"]
[BlackElo "2804"]
[TimeControl "180+1"]
[EndTime "9:52:21 PDT"]
[Termination "vovachesss won on time"]

1. e4 c5 2. Nf3 e6 3. c3 d5 4. e5 d4 5. Bd3 Bd7 6. cxd4 cxd4 7. O-O Bc6 8. Re1 Ne7 9. Na3 Ng6 10. Nc2 Nd7 11. Bxg6 hxg6 12. Ncxd4 Bd5 13. d3 Bc5 14. Bf4 Qb6 15. Be3 Rh5 16. Rc1 Rd8 17. a3 a5 18. Qa4 Ke7 19. b4 axb4 20. axb4 Qxb4 21. Nf5+ Rxf5 0-1

[Event "Early-Titled-Tuesday-Blitz-March-12-2024"]
[Site "Chess.com"]
[Date "2024.03.12"]
[Round "10"]
[White "karinachess1"]
[Black "ChessQueen"]
[Result "0-1"]
[WhiteElo "2609"]
[BlackElo "2760"]
[TimeControl "180+1"]
[EndTime "9:52:24 PDT"]
[Termination "ChessQueen won by resignation"]

1. d4 f5 2. Nf3 Nf6 3. g3 g6 4. Bg2 Bg7 5. O-O O-O 6. b3 a5 7. a4 d6 8. Bb2 c6 9. Na3 Na6 10. Nc4 Nb4 11. c3 Nbd5 12. Ncd2 h6 13. Re1 g5 14. e4 fxe4 15. Nxe4 Nxe4 16. Rxe4 Bf5 17. Re1 Qd7 18. Nd2 Rae8 19. Nc4 Bh3 20. Bh1 Qf5 21. Qd2 b6 22. Ne3 Nxe3 23. Rxe3 d5 24. c4 g4 25.
Rae1 Rf7 26. Ba3 e6 27. Bb2 Bf6 28. R3e2 Bg5 29. Qc2 Ref8 30. Qxf5 Rxf5 31. Ba3 R8f7 32. Rc2 Bf6 33. Bb2 dxc4 34. bxc4 c5 35. dxc5 Rxc5 36. Bxf6 Rxf6 37. Rxe6 Rxe6 0-1

[Event "Early-Titled-Tuesday-Blitz-March-12-2024"]
[Site "Chess.com"]
[Date "2024.03.12"]
[Round "10"]
[White "Let_it_be_1"]
[Black "theoneandonlydaaevik"]
[Result "1-0"]
[WhiteElo "2626"]
[BlackElo "2517"]
[TimeControl "180+1"]
[EndTime "9:52:24 PDT"]
[Termination "Let_it_be_1 won by resignation"]

1. e4 c6 2. d4 d5 3. Nd2 dxe4 4. Nxe4 Nf6 5. Nxf6+ exf6 6. c3 Bd6 7. Bd3 O-O 8.
Ne2 Re8 9. Qc2 h5 10. Be3 Nd7 11. O-O-O Nf8 12. c4 h4 13. h3 Be6 14. Nc3 Rc8 15. c5 Bb8 16. Be4 Bd5 17. Bxd5 cxd5 18. Qf5 b6 19. Qxd5 bxc5 20. Qxd8 Rexd8 21. dxc5 Re8 22. b4 f5 23. Nd5 Ne6 24. Rhe1 Kf8 25. Kb2 Red8 26.
Nc3 Be5 27. Kb3 f4 28. Bc1 Nd4+ 29. Kc4 f6 30. Bxf4 Bxf4 31. Rxd4 Bd2 32. Rxd8+ Rxd8 33. Rd1 1-0

[Event "Early-Titled-Tuesday-Blitz-March-12-2024"]
[Site "Chess.com"]
[Date "2024.03.12"]
[Round "10"]
[White "PolandHussars"]
[Black "manitodeplomo"]
[Result "1/2-1/2"]
[WhiteElo "2553"]
[BlackElo "2710"]
[TimeControl "180+1"]
[EndTime "9:52:25 PDT"]
[Termination "Game drawn - insufficient material"]

1. e4 e6 2. f4 d5 3. e5 c5 4. Nf3 Nc6 5. c3 Nh6 6. Bd3 c4 7. Bc2 Bc5 8. d4 cxd3 9. Qxd3 f6 10. exf6 Qxf6 11. Be3 Bxe3 12. Qxe3 O-O 13. g3 Nf5 14. Qe2 Bd7 15. Nbd2 Rae8 16. O-O e5 17. fxe5 Nxe5 18. Nxe5 Rxe5 19. Qf2 Bb5 20. Rfe1 Ne3 21. Qxf6 Rxf6 22. Bb3 g5 23. a4 Bd3 24. Bxd5+ Rxd5 25. Rxe3 Ba6 26.
Ne4 Re6 27. Rae1 Kg7 28. g4 Rde5 29. Kf2 Kg6 30. Ng3 Rf6+ 31. Nf5 Rxe3 32. Rxe3 h5 33. h3 hxg4 34. hxg4 Bc4 35. Re7 Rf7 36. Rxf7 Bxf7 37. Nd6 Be6 38. Nxb7 Bxg4 39. Na5 Bd7 40. b3 Kf5 41. c4 Ke4 42. c5 Kd5 43. b4 Bxa4 44. Kg3 Bd7 45. Kf3 a6 46. Kg3 Kd4 47. c6 Bc8 48.
Nb3+ Kc4 49. Nc5 Kxb4 50. Nxa6+ Bxa6 51. Kg4 Kc5 52. c7 Kc6 53. c8=Q+ Bxc8+ 54. Kxg5 1/2-1/2

[Event "Early-Titled-Tuesday-Blitz-March-12-2024"]
[Site "Chess.com"]
[Date "2024.03.12"]
[Round "10"]
[White "Maxfan2008"]
[Black "CSB7"]
[Result "0-1"]
[WhiteElo "2614"]
[BlackElo "2775"]
[TimeControl "180+1"]
[EndTime "9:52:28 PDT"]
[Termination "CSB7 won by checkmate"]

1. d4 d5 2. c4 c6 3. Nc3 Nf6 4. e3 a6 5. Nf3 Bf5 6. b3 e6 7.
Bb2 Ne4 8. Nxe4 Bxe4 9. Nd2 Bg6 10. Be2 Nd7 11. O-O Bd6 12. Bf3 O-O 13. e4 dxe4 14. Nxe4 Bxe4 15. Bxe4 Qh4 16. f4 Bxf4 17. Rxf4 Qxf4 18. Qd3 Nf6 19. Bf3 Rad8 20. Rf1 Qd6 21. g4 e5 22. g5 e4 23. Bxe4 Nxe4 24. Qxe4 Rfe8 25. Qf3 Qe6 26. Rf2 Rd7 27. h4 Qe4 28. Qg3 Rde7 29. Kh2 Qe1 30. Qf4 Qxf2+ 31. Qxf2 Re2 32.
Kg3 R8e3+ 33. Kg2 f6 34. gxf6 gxf6 35. d5 cxd5 36. cxd5 Kf7 37. Ba3 Rxf2+ 38. Kxf2 Rd3 39. d6 Ke6 40. Bb4 Rd4 41. a3 Rxh4 42. Kf3 Rxb4 43.
axb4 Kxd6 44. Kf4 Kc6 45. b5+ Kxb5 46. Kf5 Kb4 47. Kxf6 Kxb3 48. Kg7 a5 49. Kh6 a4 50.
Kxh7 a3 51. Kg7 a2 52. Kg8 b5 53. Kf8 b4 54. Ke8 Kc4 55. Kd8 b3 56. Kc8 b2 57.
Kd8 b1=Q 58. Ke8 Qb7 59. Kd8 a1=Q 60. Ke8 Qaa8# 0-1

[Event "Early-Titled-Tuesday-Blitz-March-12-2024"]
[Site "Chess.com"]
[Date "2024.03.12"]
[Round "10"]
[White "sorch29"]
[Black "NikitaShnadrygin"]
[Result "0-1"]
[WhiteElo "2470"]
[BlackElo "2660"]
[TimeControl "180+1"]
[EndTime "9:52:29 PDT"]
[Termination "NikitaShnadrygin won on time"]

1. d4 d5 2. c4 Nc6 3. Nf3 Bg4 4. e3 e5 5. dxe5 dxc4 6. Qxd8+ Rxd8 7. Bxc4 Nxe5 8.
Be2 Nd3+ 9. Bxd3 Rxd3 10. Bd2 Rd8 11. Bc3 Ne7 12. e4 Bxf3 13. gxf3 Ng6 14. Nd2 Nf4 15.
Rg1 f6 16. Nb3 Kf7 17. Rd1 Be7 18. Rf1 h5 19. Nd4 g6 20. Nb5 c6 21. Nd4 h4 22.
Nc2 h3 23. Ne3 Bc5 24. Rg1 Rxd1+ 25. Kxd1 Rd8+ 26. Kc2 Ng2 27. Nxg2 Bxf2 0-1

[Event "Early-Titled-Tuesday-Blitz-March-12-2024"]
[Site "Chess.com"]
[Date "2024.03.12"]
[Round "10"]
[White "Kielinkei"]
[Black "Jimonios"]
[Result "1-0"]
[WhiteElo "2591"]
[BlackElo "2674"]
[TimeControl "180+1"]
[EndTime "9:52:32 PDT"]
[Termination "Kielinkei won by resignation"]

1. c4 c5 2. g3 Nc6 3. Bg2 g6 4. Nf3 Bg7 5. O-O d6 6. Nc3 e5 7.
d3 Nge7 8. a3 a6 9. Rb1 Rb8 10. b4 cxb4 11. axb4 b5 12. cxb5 axb5 13. Bg5 h6 14. Bxe7 Nxe7 15. d4 O-O 16. dxe5 dxe5 17. Nd2 Kh7 18. Nde4 f5 19. Nc5 e4 20. Qb3 Nc6 21. Rfd1 Qe8 22. Nd5 Qf7 23. e3 Ne5 24. Nf4 Nc4 25. Rbc1 Rb6 26. Bf1 g5 27. Nd5 Rd6 28.
Nc3 Rxd1 29. Rxd1 Qh5 30. Be2 Qg6 31. Nxb5 Ne5 32. Rd6 Qe8 33. Nd4 Rf7 34. b5 Rc7 35. Nce6 Rc1+ 36. Kg2 g4 37. Nxg7 Qh5 38. Nxh5 Nf3 39.
Nxf3 exf3+ 40. Bxf3 Bb7 41. Bxb7 1-0

[Event "Early-Titled-Tuesday-Blitz-March-12-2024"]
[Site "Chess.com"]
[Date "2024.03.12"]
[Round "10"]
[White "KSho99"]
[Black "tarno17"]
[Result "0-1"]
[WhiteElo "2139"]
[BlackElo "2216"]
[TimeControl "180+1"]
[EndTime "9:52:33 PDT"]
[Termination "tarno17 won by resignation"]

1. Nf3 d5 2. d4 e6 3. e3 Nf6 4. Bd3 Be7 5. O-O O-O 6. b3 b6 7.
Bb2 Bb7 8. Nbd2 c5 9. Ne5 Nbd7 10.
f4 Ne4 11. Bxe4 dxe4 12. Ndc4 f5 13. Nxd7 Qxd7 14. Ne5 Qe8 15. Qe2 Rf6 16. c4 Rh6 17. Rad1 Rd8 18. g4 fxg4 19. Qxg4 Bf6 20. Kh1 cxd4 21. Bxd4 Qe7 22. Rg1 Bxe5 23. Bxe5 Rg6 24.
Qh3 Rxd1 25. Rxd1 h6 26. Qh5 Kh7 27. h3 Bc6 28. Rd6 Be8 29. Qd1 Qh4 30. Qf1 Rg3 0-1